[Event "Late-Titled-Tuesday-Blitz-April-23-2024"]
[Site "Chess.com"]
[Date "2024.04.23"]
[Round "1"]
[White "rhungaski"]
[Black "VojtechPlat"]
[Result "0-1"]
[WhiteElo "2492"]
[BlackElo "2855"]
[TimeControl "180+1"]
[EndTime "14:06:49 PDT"]
[Termination "VojtechPlat won by checkmate"]

1. b3 e5 2. Bb2 d6 3. c4 Nf6 4.
Nc3 Be7 5. g3 O-O 6. Bg2 c6 7.
d4 Nbd7 8. e3 exd4 9. exd4 Re8 10.
Nge2 Nf8 11. O-O Bf5 12. h3 Qd7 13. g4 Bg6 14. f4 Nxg4 15. hxg4 Qxg4 16. d5 c5 17. f5 Bxf5 18. Nf4 Qg5 19. Nce2 Bf6 20. Bxf6 Qxf6 21. Qd2 Qh6 22. Qc3 Nd7 23. Rf3 Ne5 24.
Rg3 Ng6 25. Rf1 Re5 26. Nxg6 hxg6 27. Nf4 Rae8 28. Qa5 Qh4 29. Qc3 g5 30. Nh3 f6 31.
Nf2 Re2 32. a4 b6 33. a5 Bd7 34. axb6 axb6 35. Nh1 f5 36. Rgf3 f4 37. R3f2 R2e3 38.
Qc2 Bh3 39. Qg6 Bxg2 40. Rxg2 R3e5 41. Qxd6 f3 42. Rg3 g4 43. Qd7 Re2 44. Rf2 Re1+ 45.
Rf1 Rxf1+ 46. Kxf1 Qxh1+ 47. Rg1 Qh3+ 48. Kf2 Re2# 0-1

[Event "Late-Titled-Tuesday-Blitz-April-23-2024"]
[Site "Chess.com"]
[Date "2024.04.23"]
[Round "1"]
[White "Zura_19"]
[Black "th3d4rkness"]
[Result "1-0"]
[WhiteElo "2571"]
[BlackElo "2129"]
[TimeControl "180+1"]
[EndTime "14:06:51 PDT"]
[Termination "Zura_19 won by resignation"]

1. d4 Nf6 2. Bg5 Ne4 3. h4 h6 4. Bf4 d5 5. Nd2 Nxd2 6. Qxd2 c5 7. e3 Nc6 8. Nf3 Bg4 9. c3 e6 10. Ne5 Nxe5 11. Bxe5 a6 12. f3 Bf5 13. g4 Bh7 14. Bd3 Bxd3 15. Qxd3 cxd4 16. cxd4 Bb4+ 17. Ke2 O-O 18.
Rag1 Bd6 19. h5 Bxe5 20. dxe5 Qc7 21. f4 Rac8 22. g5 hxg5 23. Rxg5 Qc2+ 24. Qxc2 Rxc2+ 25. Kd3 Rc7 26. Rhg1 f6 27. Rg6 Kh7 28. h6 gxh6 29. exf6 Rcf7 30. Kd4 b6 31. Ke5 Re8 32. Rg7+ Rxg7 33. Rxg7+ Kh8 34. Re7 Rf8 35. Kxe6 h5 36. Rg7 Re8+ 37. Kf7 Rxe3 38. Rg5 Rh3 39. Ke7 Re3+ 40.
Re5 Rf3 41. f7 Rxf4 42. f8=Q+ Rxf8 43. Kxf8 Kh7 44. Rxh5+ Kg6 45. Rxd5 1-0

[Event "Late-Titled-Tuesday-Blitz-April-23-2024"]
[Site "Chess.com"]
[Date "2024.04.23"]
[Round "1"]
[White "norwaytoadog"]
[Black "samolo"]
[Result "0-1"]
[WhiteElo "2352"]
[BlackElo "2661"]
[TimeControl "180+1"]
[EndTime "14:06:52 PDT"]
[Termination "samolo won by resignation"]

1. e4 c5 2. Nf3 d6 3. Bb5+ Nd7 4. c3 Nf6 5. Bd3 g6 6. Bc2 Bg7 7. O-O O-O 8. d4 cxd4 9. cxd4 Nb6 10. h3 Bd7 11. Nc3 Rc8 12. Qe2 Qc7 13. Bf4 Nh5 14.
Bh2 e5 15. dxe5 dxe5 16. Bb3 Nf4 17. Qd2 Bh6 18. Kh1 Rfd8 19. Qe3 Kg7 20. Bxf4 Bxf4 21. Qe2 Be6 22. g3 Bxh3 23. gxf4 Bxf1 24. Rxf1 exf4 25. e5 Qd7 26. Kh2 Qf5 27. Nh4 Qd3 28. Qg4 Qxf1 29. Nf5+ Kh8 30. Nh6 Qxf2+ 31. Kh3 Qg3+ 32. Qxg3 fxg3 33.
Nxf7+ Kg7 34. Nxd8 Rxd8 35. Kxg3 Re8 36. Kf4 Rf8+ 37. Ke4 h5 38. Nb5 h4 39. Nd6 h3 40.
e6 h2 41. e7 h1=Q+ 0-1

[Event "Late-Titled-Tuesday-Blitz-April-23-2024"]
[Site "Chess.com"]
[Date "2024.04.23"]
[Round "1"]
[White "sjoerd893"]
[Black "Mops_2004"]
[Result "0-1"]
[WhiteElo "2495"]
[BlackElo "2870"]
[TimeControl "180+1"]
[EndTime "14:06:54 PDT"]
[Termination "Mops_2004 won on time"]

1. e4 g6 2. d4 Bg7 3. Be3 d6 4. Nc3 a6 5. Qd2 b5 6. O-O-O Bb7 7. f3 Nd7 8. g4 e6 9. h4 h6 10. Kb1 Ne7 11. Nce2 c5 12. dxc5 dxc5 13. Bg2 Qc7 14.
h5 g5 15. f4 gxf4 16. Bxf4 Ne5 17. Nf3 N7c6 18. Nxe5 Nxe5 19. g5 hxg5 20. Bxg5 Nc4 21. Qf4 Qxf4 22. Nxf4 Bxb2 23. Nd3 Bd4 24. h6 f6 25. Bc1 Ke7 26. h7 b4 27. Nf4 Ne5 28.
a3 a5 29. Bb2 Bxb2 30. Kxb2 Raf8 31. Rh5 Bc6 32. Rxe5 fxe5 33. Ng6+ Ke8 34. Rd6 Bd7 35. Nxe5 Rxh7 36. Nc4 Rf2 0-1

[Event "Late-Titled-Tuesday-Blitz-April-23-2024"]
[Site "Chess.com"]
[Date "2024.04.23"]
[Round "1"]
[White "Veleamater"]
[Black "CarlosjPineror"]
[Result "0-1"]
[WhiteElo "2443"]
[BlackElo "2766"]
[TimeControl "180+1"]
[EndTime "14:06:55 PDT"]
[Termination "CarlosjPineror won by resignation"]

1. g3 Nf6 2. Bg2 g6 3. d3 Bg7 4.
Nc3 O-O 5. e4 c5 6. f4 d6 7. Nf3 Nc6 8. h3 Rb8 9. a4 a6 10. O-O b5 11. axb5 axb5 12. g4 b4 13. Ne2 Nd7 14. Ng3 Nd4 15. Nh4 Bb7 16. g5 Qb6 17. Kh1 Ra8 18. Rb1 Bc6 19. Be3 Ra2 20. c3 bxc3 21. bxc3 Nb5 22. Qb3 Qa5 23. f5 Ra3 24. Qb2 Bxc3 25. Qe2 Ra2 26. Qd1 Bd4 27.
Bxd4 Nxd4 28. fxg6 hxg6 29. Rf4 Ne5 30. Qf1 Qd2 31. Rd1 Qe3 32. Nxg6 Nxg6 33. Rg4 Ne5 34. Nf5 Nxf5 35. Qxf5 Nxg4 36. hxg4 Qf2 37. Qxf2 Rxf2 38. g6 fxg6 0-1

[Event "Late-Titled-Tuesday-Blitz-April-23-2024"]
[Site "Chess.com"]
[Date "2024.04.23"]
[Round "1"]
[White "2Coaches1Profile"]
[Black "DonJuanEGenaro"]
[Result "1-0"]
[WhiteElo "2562"]
[BlackElo "2028"]
[TimeControl "180+1"]
[EndTime "14:06:55 PDT"]
[Termination "2Coaches1Profile won by resignation"]

1. d4 d5 2. Nf3 e6 3. Nbd2 c5 4. e3 Nc6 5. c3 Bd6 6. Bd3 Nf6 7. O-O e5 8. dxc5 Bxc5 9. e4 Bg4 10. Qe2 O-O 11.
exd5 Qxd5 12. Ne4 Nxe4 13. Bxe4 Qe6 14. h3 Bxf3 15. Qxf3 Rac8 16. Bf5 Qf6 17. Bxc8 Qxf3 18. gxf3 Rxc8 19. Be3 Be7 20. Rfd1 Rc7 21. Rd5 Kf8 22. Rad1 Ke8 23. f4 f6 24. fxe5 fxe5 25. a3 Bf6 26. b4 b6 27. c4 Ne7 28. Rd8+ Kf7 29.
c5 Nf5 30. R8d7+ Rxd7 31. Rxd7+ Ke6 32. Rxa7 Nxe3 33. cxb6 Kd6 34. fxe3 Kc6 35. Kg2 Kxb6 36. Rf7 e4 37. Kg3 Kb5 38. Rxf6 gxf6 39. Kf4 1-0

[Event "Late-Titled-Tuesday-Blitz-April-23-2024"]
[Site "Chess.com"]
[Date "2024.04.23"]
[Round "1"]
[White "MetiForce"]
[Black "manmanlai1"]
[Result "1-0"]
[WhiteElo "2929"]
[BlackElo "2512"]
[TimeControl "180+1"]
[EndTime "14:06:58 PDT"]
[Termination "MetiForce won on time"]

1. c4 e5 2. Nc3 Nf6 3. Nf3 e4 4. Ng5 c6 5. Qa4 Qe7 6. Qc2 d5 7. cxd5 Bf5 8. dxc6 Nxc6 9. e3 h6 10. Nh3 a6 11. Nf4 Rd8 12. h4 Qd7 13. a3 Ne5 14. b4 Bd6 15. Bb2 O-O 16. Be2 Rfe8 17. Nfd5 Nxd5 18.
Nxd5 Nd3+ 19. Bxd3 exd3 20. Qb3 Bb8 21. Nc3 Qc6 22. b5 Qxg2 23. O-O-O axb5 24. Rdg1 Qf3 25. Nxb5 Be5 26. Nd4 Rc8+ 27. Kb1 Bxd4 28. Bxd4 Bg6 29. h5 1-0

[Event "Late-Titled-Tuesday-Blitz-April-23-2024"]
[Site "Chess.com"]
[Date "2024.04.23"]
[Round "1"]
[White "baki83"]
[Black "Nicolik"]
[Result "1-0"]
[WhiteElo "2897"]
[BlackElo "2500"]
[TimeControl "180+1"]
[EndTime "14:06:59 PDT"]
[Termination "baki83 won by resignation"]

1. e4 c5 2. Nf3 Nc6 3. Bb5 g6 4. O-O Bg7 5. Re1 Nf6 6. e5 Nd5 7. Nc3 Nc7 8. Bxc6 dxc6 9. d3 O-O 10. h3 Ne6 11. Ne4 b6 12. Be3 Nd4 13. Bf4 h6 14.
Nxd4 cxd4 15. Qf3 a5 16. Ng3 Bd7 17. h4 Qc8 18. Ne4 c5 19. Qg3 Bf5 20. h5 g5 21.
Bxg5 hxg5 22. Qxg5 f6 23. exf6 exf6 24. Qg3 Kh7 25. Nd6 Qd7 26. Nxf5 Qxf5 27. Re7 Rg8 28. Rae1 Qxh5 29. R1e4 Qg5 30. Rh4+ Kg6 31. Rg4 Rae8 32.
Rxg5+ fxg5 33. Qd6+ Bf6 34. Re6 Rxe6 35. Qxe6 b5 36.
Qxg8+ 1-0

[Event "Late-Titled-Tuesday-Blitz-April-23-2024"]
[Site "Chess.com"]
[Date "2024.04.23"]
[Round "1"]
[White "Hirna2005"]
[Black "nabukatnezarr"]
[Result "0-1"]
[WhiteElo "2325"]
[BlackElo "2639"]
[TimeControl "180+1"]
[EndTime "14:07:03 PDT"]
[Termination "nabukatnezarr won by checkmate"]

1. e4 e5 2. Nf3 Nc6 3. Bc4 Nf6 4. d4 exd4 5. e5 d5 6. Bb5 Ne4 7. Nxd4 Bd7 8. Bxc6 bxc6 9. O-O Bc5 10. Be3 Qe7 11.
Re1 O-O 12. Nd2 Nxd2 13. Qxd2 Bb6 14. Bg5 Qe8 15. Bf6 h6 16. Re3 Kh7 17. Qd3+ Kh8 18. Rae1 Rg8 19. Rg3 gxf6 20. Qd2 Rg5 21. exf6 Qg8 22.
Re7 Bxd4 23. Qxd4 Re8 24. Qh4 Kh7 25. Rxg5 Qxg5 26. Rxf7+ Kg8 27. g3 Qxh4 28. Rg7+ Kh8 29. gxh4 Bh3 30. f3 Rg8 31. Rxg8+ Kxg8 32. Kf2 Kf7 33. Kg3 Be6 34. Kf4 Kxf6 35. c3 c5 36. a4 Bf5 37. a5 d4 38. cxd4 cxd4 39. b4 Bd3 40. h5 a6 41. h4 c6 42. Kg3 Kf5 43.
Kf2 Kf4 44. Ke1 Kxf3 45. Kd2 Bb5 46. Kc2 Ke2 47. Kb3 d3 48. Kc3 d2 49. Kd4 d1=Q+ 50.
Kc5 Qc2+ 51. Kb6 Qc4 52. Kb7 Qxb4 53. Kb6 Qxh4 54. Kc5 Qxh5+ 55. Kb4 Qh4+ 56. Kc3 Qc4+ 57. Kb2 Qb4+ 58. Kc2 Bd3+ 59. Kc1 Qb1# 0-1

[Event "Late-Titled-Tuesday-Blitz-April-23-2024"]
[Site "Chess.com"]
[Date "2024.04.23"]
[Round "1"]
[White "MeisterJabo"]
[Black "dretch"]
[Result "0-1"]
[WhiteElo "2503"]
[BlackElo "2912"]
[TimeControl "180+1"]
[EndTime "14:07:04 PDT"]
[Termination "dretch won on time"]

1. c4 c6 2. g3 d5 3. Nf3 Bg4 4.
Bg2 Nd7 5. O-O e6 6. b3 Bd6 7.
Bb2 Ngf6 8. d4 Qb8 9. Nbd2 h6 10. Re1 O-O 11. e4 dxe4 12. Nxe4 Bb4 13. Nxf6+ Nxf6 14. Re2 Rd8 15. h3 Bf5 16. a3 Bf8 17. Ne5 Qc7 18. Qe1 a5 19. Rd1 c5 20. d5 exd5 21. cxd5 a4 22.
bxa4 Rxa4 23. Qc3 Re8 24. Ng4 Rxe2 25. Nxf6+ gxf6 26. Qxf6 Rxb2 27. Qxb2 Ra6 28. Qb3 c4 29. Qf3 Bg6 30. Rd4 c3 31. Bf1 c2 32. d6 Rxd6 33. Rxd6 Bxd6 0-1

[Event "Late-Titled-Tuesday-Blitz-April-23-2024"]
[Site "Chess.com"]
[Date "2024.04.23"]
[Round "1"]
[White "Lennis93"]
[Black "Smiechu"]
[Result "1-0"]
[WhiteElo "2767"]
[BlackElo "2443"]
[TimeControl "180+1"]
[EndTime "14:07:06 PDT"]
[Termination "Lennis93 won by checkmate"]

1. d4 Nf6 2. c4 c5 3. d5 e6 4. Nc3 exd5 5. cxd5 d6 6. e4 g6 7. Bb5+ Nfd7 8. Bf4 a6 9. Be2 Bg7 10. Bxd6 Qb6 11. e5 Nxe5 12. Bxe5 Bxe5 13. Qa4+ Bd7 14. Qe4 f6 15. O-O-O Bf5 16. Qe3 O-O 17. Nf3 Bd6 18.
Nh4 Qc7 19. g3 Bh3 20. Qh6 Qg7 21. Qxg7+ Kxg7 22. Ne4 Be5 23. Nxc5 Nd7 24. Ne6+ Kf7 25. Nxf8 Rxf8 26. f4 Bd6 27. Kb1 Re8 28. Bd3 Nc5 29. Bc2 Re2 30. f5 g5 31. Nf3 Rf2 32. Nd4 Be5 33. Ne6 Nd7 34. Nd8+ Ke7 35. Nxb7 Nb6 36. d6+ Kd7 37. Nc5+ Kd8 38. d7 Rxc2 39. Ne6+ Ke7 40. d8=Q+ Kf7 41. Qf8# 1-0

[Event "Late-Titled-Tuesday-Blitz-April-23-2024"]
[Site "Chess.com"]
[Date "2024.04.23"]
[Round "1"]
[White "Nf3c5"]
[Black "tylityli"]
[Result "1-0"]
[WhiteElo "2632"]
[BlackElo "2319"]
[TimeControl "180+1"]
[EndTime "14:07:06 PDT"]
[Termination "Nf3c5 won on time"]

1. e4 e5 2. Nf3 Nc6 3. Nc3 Nf6 4. h3 Bb4 5. Nd5 Ba5 6. c3 Nxe4 7. d4 exd4 8. Bd3 dxc3 9. O-O Nc5 10. Ng5 d6 11. b4 Nxb4 12. Re1+ Be6 13. Nxe6 fxe6 14. Qh5+ Kd7 15. Nxb4 Bxb4 16. Bb5+ c6 17. Bc4 Qf6 18. Bg5 Qg6 19. Qh4 d5 20. Bf1 Ba5 21. Be3 Ne4 22. Rab1 b5 23. Bd3 Qf6 24. Qg4 h5 25. Qe2 Bb6 26. Bxe4 dxe4 27. a4 a6 28. Bxb6 Kc8 29. Rec1 Kb7 30. Be3 1-0

[Event "Late-Titled-Tuesday-Blitz-April-23-2024"]
[Site "Chess.com"]
[Date "2024.04.23"]
[Round "1"]
[White "Licancabur"]
[Black "ChessBrainiacOnTwitch"]
[Result "0-1"]
[WhiteElo "2462"]
[BlackElo "2804"]
[TimeControl "180+1"]
[EndTime "14:07:09 PDT"]
[Termination "ChessBrainiacOnTwitch won on time"]

1. d4 Nf6 2. Bg5 Ne4 3. Bf4 g6 4. f3 Nf6 5. e4 d5 6. e5 Nfd7 7. Be3 Bg7 8. f4 O-O 9. Nf3 c5 10. c3 Nc6 11. Be2 cxd4 12. cxd4 Nb6 13. Nbd2 Bf5 14. Nh4 Be4 15. O-O e6 16. Nhf3 Bxf3 17. Bxf3 Ne7 18. Rc1 Qd7 19. g4 Rac8 20. b3 f6 21. Qe2 Nc6 22. Bg2 Rf7 23. exf6 Bxf6 24. Nf3 Rcf8 25. Ne5 Nxe5 26. fxe5 Be7 27. Bh6 Rxf1+ 28.
Rxf1 Rxf1+ 29. Qxf1 g5 30. h4 gxh4 31. g5 Qe8 32.
Bh3 Qg6 33. Qf2 Nd7 34. Qg2 Bf8 35. Bxf8 Nxf8 36. Qg4 Qb1+ 37. Bf1 Qxa2 38. Qxh4 Qxb3 39. g6 Qe3+ 40. Kh2 Nxg6 41. Qd8+ Nf8 42. Bh3 Qf4+ 43. Kg2 Qe4+ 44. Kh2 Qe2+ 45. Kh1 Qf3+ 46. Kh2 Qf2+ 47. Kh1 Qf7 48. Qg5+ Ng6 49. Qd8+ Kg7 50.
Qd6 Nf4 51. Bf1 Qh5+ 52. Kg1 Qg4+ 53. Kf2 Kg6 54. Qf8 Qg5 55. Qg8+ Kh6 56. Qf8+ Kg6 57. Qg8+ Kf5 0-1

[Event "Late-Titled-Tuesday-Blitz-April-23-2024"]
[Site "Chess.com"]
[Date "2024.04.23"]
[Round "1"]
[White "TheBigBoss04"]
[Black "TheFireChess"]
[Result "1-0"]
[WhiteElo "2792"]
[BlackElo "2449"]
[TimeControl "180+1"]
[EndTime "14:07:09 PDT"]
[Termination "TheBigBoss04 won by resignation"]

1. Nf3 Nf6 2. c4 e6 3. g3 d5 4. d4 Bb4+ 5. Bd2 a5 6. Bg2 O-O 7. a3 Be7 8. Qc2 c5 9. cxd5 cxd4 10. Nxd4 Nxd5 11. O-O Bf6 12. e3 Bd7 13. Nc3 Nxc3 14. Bxc3 Nc6 15. Nb5 Bxc3 16. Qxc3 Qb6 17. Nd6 Rfd8 18.
Rfd1 a4 19. Rd2 h6 20. Rad1 Be8 21. h4 Rab8 22. Kh2 Ne7 23. Nc4 Qc7 24. Rxd8 Rxd8 25.
Rxd8 Qxd8 26. Bxb7 Qb8 27. Bg2 Bc6 28. Bxc6 Nxc6 29.
Nd2 Ne5 30. Qd4 Qb5 31. Kg2 Qc6+ 32. e4 Qb5 33. Nf3 Nc6 34. Qd7 Qc5 35. Qe8+ Kh7 36. Qxf7 Qe7 37. Qxe7 Nxe7 38. Nd4 e5 39. Nb5 Nc6 40.
Nc3 1-0

[Event "Late-Titled-Tuesday-Blitz-April-23-2024"]
[Site "Chess.com"]
[Date "2024.04.23"]
[Round "1"]
[White "chess_blitz00"]
[Black "Hikaru"]
[Result "0-1"]
[WhiteElo "2550"]
[BlackElo "3311"]
[TimeControl "180+1"]
[EndTime "14:07:10 PDT"]
[Termination "Hikaru won by checkmate"]

1. e4 a6 2. d4 c6 3. Nc3 d5 4. Nf3 Bg4 5. Be2 g6 6. h3 Bxf3 7. Bxf3 e6 8. Be3 Bg7 9. Qd2 Nd7 10. O-O-O b5 11. exd5 cxd5 12. Rhe1 Nb6 13. Bg5 Ne7 14. Bxe7 Kxe7 15. Kb1 Rc8 16. Qg5+ Kd7 17. Qxd8+ Rhxd8 18. Ne2 b4 19. Nc1 Kd6 20. Nb3 Nc4 21. Nc5 Rxc5 22. dxc5+ Kxc5 23. Be2 Nxb2 24. Bxa6 Nxd1 25.
Rxd1 Bc3 26. f3 e5 27. Bd3 f5 28. g4 Rf8 29. gxf5 gxf5 30. Rg1 e4 31. Be2 f4 32. a3 Kd4 33. Bb5 bxa3 34. Ka2 exf3 35. Rd1+ Kc5 36. Bf1 Re8 37. Rd3 Re3 38. h4 d4 39. Rd1 Bb2 40. Bd3 f2 41. Rf1 Re1 42. Rxf2 Kb4 43. Rf1 Rxf1 44. Bxf1 f3 45. Bd3 f2 46. h5 h6 47. Kb1 Kc3 48. Ka2 Kd2 49. Bf1 Ke3 50. Bd3 Kf4 51. Bf1 Kg5 52. Be2 Kh4 53. Kb1 Kg3 54.
Bf1 Kh2 55. Ka2 Kg1 56. Be2 f1=Q 57. Bxf1 Kxf1 58. Kb1 Bc3 59. Ka2 Kf2 60. Kxa3 Kf3 61. Kb3 Kg4 62. Kc4 Kxh5 63. Kd3 Kg4 64. Ke2 Kg3 65. Kf1 Kh2 66. Kf2 h5 67. Kf3 h4 68.
Kf2 h3 69. Kf1 Kg3 70. Kg1 h2+ 71. Kh1 Ba5 72. c4 d3 73. c5 d2 74. c6 d1=N 75. c7 Bb6 76. c8=Q Nf2# 0-1

[Event "Late-Titled-Tuesday-Blitz-April-23-2024"]
[Site "Chess.com"]
[Date "2024.04.23"]
[Round "1"]
[White "masterofpuppets2"]
[Black "Binary010"]
[Result "0-1"]
[WhiteElo "2491"]
[BlackElo "2841"]
[TimeControl "180+1"]
[EndTime "14:07:10 PDT"]
[Termination "Binary010 won by checkmate"]

1. d4 Nf6 2. c4 e6 3. Nc3 Bb4 4. Qc2 d5 5. cxd5 exd5 6. Bg5 h6 7. Bh4 Nc6 8. e3 g5 9. Bg3 h5 10. Bb5 h4 11. Be5 Bxc3+ 12. bxc3 Bd7 13. Bd3 Nxe5 14. dxe5 Ng4 15. Nf3 Qe7 16. O-O O-O-O 17. c4 h3 18. g3 Nxe5 19. Nxe5 Qxe5 20. cxd5 Rhe8 21. e4 f5 22.
Rfe1 Kb8 23. Rab1 Bc8 24. Qc4 f4 25. a4 fxg3 26. fxg3 Rf8 27. Rf1 Rf6 28. a5 Rdf8 29.
Qb4 Rxf1+ 30. Rxf1 Rxf1+ 31. Bxf1 Qf6 32. Qe1 Qd4+ 33.
Kh1 Bg4 34. Bg2 hxg2+ 35. Kxg2 Qd3 36. h3 Bf3+ 37. Kh2 Qxe4 38. Qf2 Qxd5 39. h4 gxh4 40.
gxh4 Qe5+ 41. Kh3 Qf5+ 42. Kg3 Qg4+ 43. Kh2 a6 44. Qc5 Qg2# 0-1

[Event "Late-Titled-Tuesday-Blitz-April-23-2024"]
[Site "Chess.com"]
[Date "2024.04.23"]
[Round "1"]
[White "jstopa4"]
[Black "zsizsi99"]
[Result "1-0"]
[WhiteElo "2815"]
[BlackElo "2465"]
[TimeControl "180+1"]
[EndTime "14:07:10 PDT"]
[Termination "jstopa4 won by resignation"]

1. d4 Nf6 2. Bg5 d5 3. Nd2 c5 4. e3 Qb6 5. dxc5 Qxb2 6. c4 dxc4 7. Bxc4 Nc6 8. Ngf3 e6 9. Rb1 Qa3 10. Bxf6 gxf6 11. Ne4 f5 12. Nd6+ Bxd6 13. Qxd6 Qc3+ 14. Nd2 Qe5 15. Qd3 Qxc5 16. Rb5 Qe7 17. O-O a6 18. Rb6 Qd8 19. Qc3 O-O 20. Rfb1 Qd6 21. Nf1 Rd8 22.
e4 Qe5 23. Qh3 Qxe4 24. Ne3 Ne5 25. Bf1 Ng6 26. Qh6 Qd4 27. Qg5 Re8 28. R6b4 Qg7 29. h4 b5 30. h5 Ne5 31. Qh4 Ng4 32. Nxg4 a5 33. Nf6+ Kh8 34. Nxe8 Qe5 35. R4b3 1-0

[Event "Late-Titled-Tuesday-Blitz-April-23-2024"]
[Site "Chess.com"]
[Date "2024.04.23"]
[Round "1"]
[White "DrVelja"]
[Black "Sinquefield"]
[Result "1-0"]
[WhiteElo "2988"]
[BlackElo "2522"]
[TimeControl "180+1"]
[EndTime "14:07:11 PDT"]
[Termination "DrVelja won by resignation"]

1. e4 d6 2. d4 Nf6 3. Nc3 Nbd7 4. f4 e5 5. Nf3 exd4 6. Qxd4 c6 7. Bd2 d5 8. exd5 Bc5 9. Qd3 O-O 10. O-O-O Ng4 11. Ne4 Bb6 12. dxc6 bxc6 13. h3 Ngf6 14. Nxf6+ Nxf6 15. Qxd8 Rxd8 16. Bd3 Nd5 17. Rhe1 h6 18. g4 Bc7 19. Ne5 Bb7 20. Bc4 Kf8 21. Nd3 Re8 22. f5 Bg3 23. Rg1 Bh4 24. Nc5 Bc8 25. b4 a5 26.
bxa5 Bf2 27. Bxd5 Bxc5 28. Bb3 Bxg1 29. Rxg1 Ba6 30. Bb4+ Kg8 31. Rd1 Rad8 32. Rxd8 Rxd8 33. Kb2 Re8 34. Kc3 Re3+ 35. Kd4 Rxh3 36. Kc5 Rg3 37. Kb6 Bc8 38. a6 Rxg4 39. Bd6 Bxa6 40. Kxa6 h5 41. a4 Rd4 42. Bc7 Rd7 43. Bg3 Rd2 44. Kb6 Rg2 45.
Bc7 h4 46. a5 Rg1 47. a6 1-0

[Event "Late-Titled-Tuesday-Blitz-April-23-2024"]
[Site "Chess.com"]
[Date "2024.04.23"]
[Round "1"]
[White "Oleksandr_Bortnyk"]
[Black "JG-17"]
[Result "1-0"]
[WhiteElo "3118"]
[BlackElo "2540"]
[TimeControl "180+1"]
[EndTime "14:07:12 PDT"]
[Termination "Oleksandr_Bortnyk won on time"]

1. e4 c5 2. c3 Nf6 3. e5 Nd5 4. d4 cxd4 5. Qxd4 e6 6. Nf3 Nc6 7. Qe4 f5 8. Qe2 b5 9. g3 a5 10. Bg2 Be7 11. O-O O-O 12. Rd1 Qc7 13. Nbd2 Ba6 14. Nb3 b4 15. Qe1 a4 16. Nbd4 bxc3 17.
bxc3 Rac8 18. h4 Na5 19. Bg5 Qxc3 20. Bd2 Qc5 21. Bxa5 h6 22. h5 a3 23. Rac1 Qa7 24. Rxc8 Rxc8 25. Nxf5 Bf8 26. Nd6 Rc2 27. Rd2 Rb2 28.
Rxb2 axb2 29. Qb1 Qb8 30. Nd2 Be2 31. Bxd5 exd5 32. Nb3 Bxd6 33. exd6 Qxd6 34. Qxb2 Bc4 35. Bc3 Qe6 36. Nd4 Qh3 37. Qb8+ Kh7 38. Qb1+ Kg8 39. Nf5 Qxh5 40. Bxg7 Qf3 41. Bxh6 Bd3 42. Qb8+ Kh7 43. Qf8 Qd1+ 44. Kh2 Qh5+ 45. Kg1 Qd1+ 46. Kh2 Qh5+ 47. Nh4 Qxh6 48. Qf7+ Kh8 49. Qxd5 Bh7 50. Qxd7 Qh5 51.
Qd4+ 1-0

[Event "Late-Titled-Tuesday-Blitz-April-23-2024"]
[Site "Chess.com"]
[Date "2024.04.23"]
[Round "1"]
[White "martinmena"]
[Black "Mindhunter08"]
[Result "0-1"]
[WhiteElo "2157"]
[BlackElo "2582"]
[TimeControl "180+1"]
[EndTime "14:07:12 PDT"]
[Termination "Mindhunter08 won on time"]

1. c4 c6 2. g3 d5 3. Bg2 Nf6 4. Nf3 g6 5. O-O Bg7 6. d4 O-O 7. b3 Ne4 8. Bb2 Be6 9. Qc2 Nd7 10. Nbd2 f5 11. Nxe4 fxe4 12. Ne5 Rc8 13. f3 Nxe5 14. dxe5 Qb6+ 15. c5 Qc7 16. f4 Qd7 17. Bd4 Bh3 18. e3 Bf5 19. b4 g5 20. a4 e6 21. Rab1 gxf4 22. gxf4 Kh8 23. Kh1 Rg8 24. Rg1 Bh6 25. Rbf1 Qf7 26. h3 Qh5 27. Kh2 Rg7 28. Qf2 Rcg8 29.
h4 Rg4 30. Bh3 Rxh4 31. Rxg8+ Kxg8 32. Qg3+ Kf7 33. Qg2 Rxh3+ 34. Kg1 Rh4 0-1

[Event "Late-Titled-Tuesday-Blitz-April-23-2024"]
[Site "Chess.com"]
[Date "2024.04.23"]
[Round "1"]
[White "PavelShkapenko"]
[Black "prochn"]
[Result "1/2-1/2"]
[WhiteElo "2771"]
[BlackElo "2457"]
[TimeControl "180+1"]
[EndTime "14:07:13 PDT"]
[Termination "Game drawn by agreement"]

1. e4 c6 2. d4 d5 3. e5 Bf5 4.
h4 h5 5. Bd3 Bxd3 6. Qxd3 Qa5+ 7.
Nd2 e6 8. Ne2 Nh6 9. O-O Nf5 10.
Nf3 Be7 11. Bg5 Nd7 12. Ng3 Nxg3 13. fxg3 Qa6 14. Qd2 f6 15. exf6 gxf6 16. Rae1 c5 17. Bf4 O-O-O 18. c3 Rhg8 19. Qc2 Rg7 20. b4 c4 21. a4 Nf8 22. Re2 Bd6 23. Qd2 Qc6 24.
Kh2 Qc7 25. Bxd6 Qxd6 26. Qf4 Qxf4 27. gxf4 Rg4 28. g3 Kd7 29. Rfe1 Re8 30. f5 Rg7 31. Ng1 Rge7 32. Nh3 exf5 33. Rxe7+ Rxe7 34. Rxe7+ Kxe7 35. Nf4 Kd6 36. Nxh5 Ne6 37. Nf4 Nxf4 38. gxf4 Ke6 39. Kg2 Kf7 40. Kh2 1/2-1/2

[Event "Late-Titled-Tuesday-Blitz-April-23-2024"]
[Site "Chess.com"]
[Date "2024.04.23"]
[Round "1"]
[White "merinasian"]
[Black "TheSilmarils"]
[Result "0-1"]
[WhiteElo "2518"]
[BlackElo "2965"]
[TimeControl "180+1"]
[EndTime "14:07:16 PDT"]
[Termination "TheSilmarils won on time"]

1. d4 Nf6 2. Nf3 d5 3. c4 e6 4. e3 a6 5. Nbd2 c5 6. Bd3 Nc6 7. dxc5 Bxc5 8. a3 dxc4 9. Nxc4 b5 10. Nce5 Nxe5 11. Nxe5 Bb7 12. O-O O-O 13. b4 Qd5 14.
Nf3 Bd6 15. Bb2 Qh5 16. h3 Rad8 17. Qe2 Ne4 18. Rfd1 Ng5 19. Nxg5 Qxg5 20. f4 Qe7 21. Qh5 g6 22. Qh6 e5 23. f5 Bb8 24. Be2 gxf5 25. Qh5 Qe6 26. Rf1 Be4 27. Bf3 Qg6 28. Qh4 Kh8 29.
Bxe4 fxe4 30. Rf6 Qg7 31. Raf1 Rd2 32. R1f2 Rxf2 33. Rxf2 f5 34. Rd2 Rg8 35. Qf2 Qf7 0-1

[Event "Late-Titled-Tuesday-Blitz-April-23-2024"]
[Site "Chess.com"]
[Date "2024.04.23"]
[Round "1"]
[White "N_I_Chess"]
[Black "quvnoq_muxlis"]
[Result "0-1"]
[WhiteElo "2372"]
[BlackElo "2679"]
[TimeControl "180+1"]
[EndTime "14:07:16 PDT"]
[Termination "quvnoq_muxlis won by resignation"]

1. d4 d6 2. c4 e5 3. dxe5 dxe5 4.
Qxd8+ Kxd8 5. Nc3 Be6 6. Nf3 f6 7. b3 Nd7 8. g3 c6 9. Bg2 Kc7 10.
O-O a5 11. Rd1 Nh6 12. Nd2 Bb4 13. Bb2 Rhd8 14. Nde4 Nf7 15. h4 Nb6 16. Rxd8 Rxd8 17. Rd1 Ra8 18. c5 Nd7 19. Na4 Rd8 20. a3 Bxb3 21.
Ra1 Bxa4 22. axb4 Bb5 23. Rxa5 Bxe2 24. Bh3 Bf3 25. Nd2 Bd5 26. Bc3 g6 27. Bg2 Nf8 28. Ne4 Nd7 29. Ra1 f5 30. Nd2 Bxg2 31. Kxg2 Nf6 32. Nc4 Ne4 33. Bxe5+ Nxe5 34. Nxe5 Rd2 35.
Rf1 Rb2 36. Kf3 Nd2+ 37. Kg2 Nxf1 38. Kxf1 Rxb4 39. Nf7 0-1

[Event "Late-Titled-Tuesday-Blitz-April-23-2024"]
[Site "Chess.com"]
[Date "2024.04.23"]
[Round "1"]
[White "Msb2"]
[Black "Balla_Tamas"]
[Result "1-0"]
[WhiteElo "3055"]
[BlackElo "2530"]
[TimeControl "180+1"]
[EndTime "14:07:17 PDT"]
[Termination "Msb2 won by resignation"]

1. d4 d5 2. c4 e6 3. Nc3 c5 4. cxd5 exd5 5. Nf3 Nc6 6. a3 Nf6 7. Bg5 Be6 8. e3 cxd4 9. Nxd4 Be7 10. Bb5 Rc8 11. O-O O-O 12. Rc1 h6 13. Bh4 Nxd4 14. Qxd4 a6 15. Be2 Qd7 16. Rfd1 Rfd8 17. h3 Rc7 18.
Na4 Rxc1 19. Rxc1 Ne8 20. Nb6 Qd6 21. Bg3 Bf6 22. Qxf6 Nxf6 23. Bxd6 Rxd6 24. Na4 d4 25. exd4 Rxd4 26. b4 Rd2 27. Bf3 Bd5 28. Bxd5 Nxd5 29. Nc5 Nf4 30. Re1 Nd3 31. Re8+ Kh7 32. Nxb7 Rd1+ 33.
Kh2 Nxf2 34. Re7 Rd3 35. Rxf7 Ne4 36. Re7 Nd2 37. a4 Rb3 38. Rd7 Nc4 39. Nc5 Rxb4 40. Rd4 a5 41. Rd7 Nb2 42. Ne6 Nxa4 43. Rxg7+ Kh8 44.
Ra7 Rb5 45. g4 Nc3 46. Nf4 Ne4 47. Re7 Rb2+ 48. Kg1 Ng3 49. Nd5 Kg8 50. Ra7 Ra2 51. h4 a4 52. g5 hxg5 53. hxg5 a3 54. Nf6+ Kf8 55. g6 Ra1+ 56. Kg2 1-0